AoeStats
← Alexspiration

Arena

508430525Analyzed
4v4 RM · 11d ago on Sep 22, 2026· 42m 6s· 8 players
Game mode
Random Map
Map size
Large (8 player)
Population
200
Speed
Normal
Resources
Standard
Victory
Conquest
Starting age
Dark Age
Ending age
Imperial Age
RankedLock teamsTeams togetherTeam positionsShared explorationLock speedFull tech treeHidden civsTurbo modeCheats
Victory
Defeat
🇨🇳 Khitans · China
1522
+14
🇨🇳 Armenians · China
1518
+14
🇸🇬 Shu · Singapore
1502
+15
🇨🇳 Mongols · China
1426
+19
🇩🇪 Byzantines · Germany
1516
-17
🇬🇧 Turks · United Kingdom
1511
-17
🇹🇷 Bulgarians · Türkiye
1507
-17
🇦🇷 Berbers · Argentina
1372
-11
忧郁帅哥
10:27 Feudal Age
14:07 Castle Age
12:13 Double-Bit Axe
12:09 Horse Collar
15:19 Bow Saw
15:53 Heavy Plow
21:07 Wheelbarrow
22:30 Hand Cart
22:26 Gold Mining
24:30 Stone Mining
25:15 Gold Shaft Mining
24:31 Town Watch
27:25 Imperial Age
24:43 Town Watch
26:04 Stone Shaft Mining
25:24 Loom
25:45 Fletching
25:56 Padded Archer Armor
26:17 Ballistics
26:34 Bodkin Arrow
27:51 Thumb Ring
28:03 Leather Archer Armor
28:24 Bloodlines
28:14 Husbandry
28:16 Bracer
29:22 Chemistry
28:49 Parthian Tactics
29:06 Conscription
30:56 Elite Mangudai
33:54 Drill
33:49 Siege Engineers
33:54 Onager
33:59 Capped Ram
35:41 Siege Ram
35:42 Onager
36:55 Murder Holes
37:55 Sappers
38:33 Scale Barding Armor
38:39 Forging
38:20 Light Cavalry
40:22 Chain Barding Armor
shenxu
10:29 Feudal Age
14:13 Castle Age
12:10 Double-Bit Axe
12:21 Horse Collar
17:31 Wheelbarrow
18:55 Loom
18:56 Town Watch
19:23 Bow Saw
27:20 Imperial Age
25:47 Hand Cart
26:19 Gold Mining
26:20 Stone Mining
26:32 Heavy Plow
26:40 Pikeman
27:21 Squires
27:24 Scale Mail Armor
27:10 Man-at-Arms
27:57 Gambesons
28:28 Chain Mail Armor
28:25 Forging
28:46 Fereters
28:04 Long Swordsman
29:31 Conscription
29:53 Plate Mail Armor
30:00 Iron Casting
28:59 Two-Handed Swordsman
29:54 Champion
30:22 Halberdier
34:54 Blast Furnace
33:54 Fletching
34:25 Ballistics
35:06 Chemistry
34:38 Coinage
35:49 Banking
41:27 Bodkin Arrow
PIGGY FOR AGE
11:01 Feudal Age
11:38 Double-Bit Axe
14:37 Castle Age
12:52 Horse Collar
15:31 Bow Saw
16:01 Wheelbarrow
20:52 Hand Cart
20:55 Loom
27:21 Imperial Age
24:46 Fletching
26:14 Ballistics
25:51 Bodkin Arrow
25:56 Padded Archer Armor
26:12 Town Watch
25:50 Crossbowman
28:28 Conscription
28:09 Bolt Magazine
28:14 Bracer
29:17 Chemistry
28:09 Gold Mining
29:43 Leather Archer Armor
30:14 Gold Shaft Mining
29:30 Stone Mining
30:48 Two-Man Saw
29:28 Arbalester
30:13 Thumb Ring
29:41 Pikeman
30:22 Squires
31:34 Ring Archer Armor
31:38 Halberdier
33:34 Siege Engineers
34:02 Scale Mail Armor
34:13 Forging
35:30 Chain Mail Armor
35:21 Coiled Serpent Array
35:46 Heavy Plow
36:00 Masonry
35:46 Murder Holes
36:22 Coinage
36:39 Elite White Feather Guard
37:57 Plate Mail Armor
39:08 Guilds
39:29 Banking
椰子乏味
7:14 Loom
10:52 Feudal Age
15:54 Castle Age
14:24 Double-Bit Axe
15:47 Forging
17:31 Iron Casting
17:17 Scale Mail Armor
39:53 Wheelbarrow
39:04 Town Watch
39:02 Domestication
39:33 Bow Saw
40:13 Pastoralism
[BadStart] The Shadow
2:45 Loom
6:07 Loom
8:34 Feudal Age
10:07 Fletching
14:03 Horse Collar
14:21 Town Watch
22:32 Castle Age
24:59 Wheelbarrow
25:50 Double-Bit Axe
25:55 Gold Mining
26:00 Stone Mining
29:14 Gold Shaft Mining
28:50 Padded Archer Armor
29:37 Fortified Wall
29:42 Bodkin Arrow
30:22 Guard Tower
31:00 Leather Archer Armor
31:25 Ballistics
35:52 Imperial Age
33:50 Masonry
34:33 Bloodlines
36:36 Bracer
37:44 Chemistry
36:21 Elite Skirmisher
37:29 Conscription
38:17 Thumb Ring
Humble Villager
12:38 Feudal Age
17:17 Castle Age
15:26 Loom
15:28 Double-Bit Axe
16:57 Horse Collar
24:05 Wheelbarrow
24:00 Town Watch
26:16 Heavy Plow
28:19 Hand Cart
33:03 Imperial Age
32:16 Scale Barding Armor
32:22 Forging
32:25 Bloodlines
32:15 Husbandry
34:20 Chain Barding Armor
34:36 Iron Casting
34:00 Gold Mining
36:05 Plate Barding Armor
37:21 Conscription
39:41 Parthian Tactics
39:22 Thumb Ring
40:01 Ballistics
39:58 Fletching
Scheiße
11:29 Feudal Age
15:19 Castle Age
13:40 Horse Collar
13:46 Double-Bit Axe
16:29 Bow Saw
21:49 Wheelbarrow
22:11 Gold Mining
28:14 Imperial Age
26:14 Hand Cart
26:23 Scale Barding Armor
26:45 Forging
27:33 Chain Barding Armor
27:29 Bloodlines
27:56 Iron Casting
28:07 Husbandry
28:40 Stirrups
28:28 Cavalier
30:18 Plate Barding Armor
31:27 Blast Furnace
34:01 Gambesons
34:49 Squires
36:29 Loom
Alexspiration
10:00 Feudal Age
14:29 Castle Age
13:08 Double-Bit Axe
13:35 Horse Collar
20:13 Wheelbarrow
23:33 Loom
27:09 Imperial Age
24:41 Fletching
25:01 Padded Archer Armor
25:24 Ballistics
25:43 Bodkin Arrow
26:37 Leather Archer Armor
26:48 Bow Saw
26:37 Gold Mining
26:31 Crossbowman
27:33 Hand Cart
28:20 Thumb Ring
29:21 Chemistry
29:06 Bracer
30:37 Conscription
30:13 Arbalester
32:06 Elite Skirmisher
33:44 Hoardings
34:43 Ring Archer Armor
39:08 Murder Holes
39:15 Treadmill Crane
41:00 Fortified Wall
Connection lost

Rejoining the realm…

Still unreachable

The connection could not be restored.

Session expired

The server has moved on; the page needs a fresh start.